 Dungeon Crawl Stone Soup version 0.26-a0-682-g294304f6e8 (webtiles) character file.

Game seed: 11941088282278562339

63673 robertstho the Thaumaturge (level 15, -1/115 HPs)
             Began as a Gnoll Ice Elementalist on Oct 20, 2020.
             Was a High Priest of Vehumet.
             Slain by a cyan very ugly thing (22 damage)
             ... on level 1 of the Swamp.
             The game lasted 01:04:07 (26778 turns).

robertstho the Thaumaturge (GnIE)                  Turns: 26778, Time: 01:04:08

Health: -1/115     AC: 12    Str: 12    XL:     15   Next: 10%
Magic:  13/38      EV: 19    Int: 23    God:    Vehumet [*****.]
Gold:   1086       SH:  0    Dex: 15    Spells: 2/35 levels left

rFire    x . .     SeeInvis .   U - +8 great sword of Pestilence {chaos, rPois Stlth+}
rCold    + . .     Faith    .   (shield currently unavailable)
rNeg     . . .     Spirit   .   M - +0 troll leather armour
rPois    +         Reflect  .   y - +2 helmet
rElec    .         Harm     .   D - +0 cloak
rCorr    .         Rampage  .   H - +0 pair of gloves
MR       +....                  (no boots)
Stlth    +++++.....             K - amulet of the acrobat
HPRegen  0.69/turn              n - ring of ice
MPRegen  0.26/turn              S - ring of magical power

@: no status effects
A: distributed training, fangs 1, strong nose
a: Renounce Religion


You were on level 1 of the Swamp.
You worshipped Vehumet.
Vehumet was extremely pleased with you.
You visited 4 branches of the dungeon, and saw 21 of its levels.
You also visited: Ossuary and Ice Cave.

You collected 1717 gold pieces.
You spent 631 gold pieces at shops.

Inventory:

Hand Weapons
 c - a +2 scimitar of flaming
 t - the +7 hand axe of Glamorous Conscience {vorpal, rPois}
   (You found it on level 8 of the Dungeon)

   It inflicts extra damage upon your enemies.
   It protects you from poison.
 w - a +0 double sword of holy wrath
 R - the +1 fustibalus of Spontaneous Combustion {flame, MR+ Stlth+}
   (You found it on level 9 of the Dungeon)

   It causes projectiles fired from it to burn those they strike, causing extra
   injury to most foes and up to half again as much damage against particularly
   susceptible opponents.
   It affects your resistance to hostile enchantments.
   It makes you more stealthy.
 U - the +8 great sword of Pestilence (weapon) {chaos, rPois Stlth+}
   (You bought it in a shop on level 11 of the Dungeon)

   Each time it hits an enemy it has a different, random effect.
   It protects you from poison.
   It makes you more stealthy.
Missiles
 r - 56 poisoned darts (quivered)
 B - 70 sling bullets
 N - 741 stones
Armour
 y - a +2 helmet (worn)
 D - a +0 cloak (worn)
 G - a +2 robe of magic resistance
 H - a +0 pair of gloves (worn)
 M - a +0 troll leather armour (worn)
 Q - a +1 animal skin of cold resistance
Jewellery
 n - a ring of ice (left hand)
 C - a +4 ring of protection
 K - an amulet of the acrobat (around neck)
 S - a ring of magical power (right hand)
 T - an uncursed ring of protection from cold {unknown}
 Y - an uncursed amulet of magic regeneration
 Z - the ring of Totzo {+Fly Int+3}
   (You found it on level 5 of the Lair of Beasts)

   [ring of flight]

   It affects your intelligence (+3).
   It lets you fly.
Wands
 b - a wand of acid (11)
 I - a wand of polymorph (12)
 V - a wand of iceblast (22)
Scrolls
 g - 7 scrolls of fear {unknown}
 h - 6 scrolls of enchant armour {unknown}
 i - 7 scrolls of teleportation {unknown}
 j - 3 scrolls of immolation {unknown}
 k - 6 scrolls of enchant weapon
 l - 4 scrolls of fog
 p - a scroll of summoning
 v - 13 scrolls of remove curse
 x - a scroll of blinking
 J - 2 scrolls of brand weapon
 L - 2 scrolls of amnesia
 O - a scroll of vulnerability {unknown}
 W - 2 scrolls of identify
Potions
 d - 13 potions of curing
 f - a potion of stabbing
 m - 2 potions of brilliance
 o - a potion of ambrosia
 q - 3 potions of haste
 s - 2 potions of cancellation
 u - 5 potions of mutation
 z - a potion of heal wounds
 A - 3 potions of flight
 E - 3 potions of might
 F - 2 potions of invisibility
 P - a potion of berserk rage
 X - a potion of resistance
Miscellaneous
 a - a phantom mirror
 e - a tin of tremorstones (3/3)


   Skills:
 + Level 9.8 Fighting
 + Level 9.8 Short Blades
 + Level 9.8 Long Blades
 + Level 9.8 Axes
 + Level 9.8 Maces & Flails
 + Level 9.8 Polearms
 + Level 9.8 Staves
 + Level 9.8 Slings
 + Level 9.8 Bows
 + Level 9.8 Crossbows
 + Level 9.8 Throwing
 + Level 9.8 Armour
 + Level 10.7 Dodging
 + Level 10.6 Stealth
 + Level 9.8 Shields
 + Level 9.8 Unarmed Combat
 + Level 10.9 Spellcasting
 + Level 8.2 Conjurations
 + Level 8.2 Hexes
 + Level 8.2 Summonings
 + Level 8.2 Necromancy
 + Level 8.2 Translocations
 + Level 8.2 Transmutations
 + Level 8.2 Fire Magic
 + Level 10.8 Ice Magic
 + Level 8.2 Air Magic
 + Level 8.2 Earth Magic
 + Level 8.2 Poison Magic
 + Level 10.6 Invocations
 + Level 9.8 Evocations


You had 2 spell levels left.
You knew the following spells:

 Your Spells              Type           Power        Failure   Level
a - Freeze                Ice            ####         1%          1
b - Frozen Ramparts       Ice            ######       1%          3
c - Ozocubu's Armour      Ice            #######.     1%          3
d - Hailstorm             Conj/Ice       ######..     1%          4
e - Summon Ice Beast      Ice/Summ       ######..     1%          4
f - Searing Ray           Conj           ######       1%          2
g - Iron Shot             Conj/Erth      ######....   9%          6
h - Bolt of Magma         Conj/Fire/Erth ######....   1%          5
i - Lee's Rapid Deconstr  Erth           ######....   1%          5

Your spell library contained the following spells:

 Spells                   Type           Power        Failure   Level
 Animate Skeleton         Necr           ######       1%          1
 Beastly Appendage        Tmut           ######       1%          1
 Corona                   Hex            ######.      1%          1
 Foxfire                  Conj/Fire      ####         1%          1
 Magic Dart               Conj           ####         1%          1
 Pain                     Necr           ####         1%          1
 Blink                    Tloc           N/A          1%          2
 Call Imp                 Summ           ######..     1%          2
 Ensorcelled Hibernation  Hex/Ice        ######       1%          2
 Poisonous Vapours        Pois/Air       ######       1%          2
 Slow                     Hex            ######..     1%          2
 Wereblood                Tmut           ######..     1%          2
 Confusing Touch          Hex            ######..     1%          3
 Conjure Flame            Conj/Fire      ######..     1%          3
 Dazzling Flash           Conj/Hex       ######       1%          3
 Inner Flame              Hex/Fire       ######..     1%          3
 Mephitic Cloud           Conj/Pois/Air  ######..     1%          3
 Spider Form              Tmut/Pois      ######....   1%          3
 Tukima's Dance           Hex            ######..     1%          3
 Vampiric Draining        Necr           ######....   1%          3
 Ice Form                 Ice/Tmut       ######..     1%          4
 Sticky Flame             Conj/Fire      ######..     1%          4
 Fireball                 Conj/Fire      ######....   1%          5
 Animate Dead             Necr           ######....   2%          4
 Metabolic Englaciation   Hex/Ice        ######....   3%          5
 Ozocubu's Refrigeration  Ice            #######...   3%          6
 Agony                    Necr           ######..     6%          5
 Blade Hands              Tmut           ######....   6%          5
 Freezing Cloud           Conj/Ice/Air   ######....   7%          6
 Simulacrum               Ice/Necr       ######....   21%         6


Dungeon Overview and Level Annotations

Branches:
Dungeon (13/15)            Temple (1/1) D:4            Lair (6/6) D:8
  Swamp (1/4) Lair:4       Spider (0/4) Lair:3        Slime (0/5) Lair:5
    Orc (0/2) D:9          Vaults (0/5) D:13        Ossuary (visited)
  IceCv (visited)

Altars:
Ashenzari
Cheibriados
Dithmenos
Elyvilon
Gozag
Hepliaklqana
Kikubaaqudgha
Makhleb
Nemelex Xobeh
Okawaru
Qazlal
Ru
Sif Muna
Trog
Uskayaw
Vehumet
Wu Jian
Xom
Yredelemnul
Zin
The Shining One
Jiyva

Shops:
D:5 !   D:6 (   D:11 (

Annotations:
D:5 potion shop, exclusions: 3 doors and player ghost
D:9 2 transporters
D:12 2 transporters, Ycigyrier's ghost, journeyman HOFi


Innate Abilities, Weirdness & Mutations

Your experience applies equally to all skills.
You have very sharp teeth.
Your uncanny sense of smell can sniff out nearby items.


Message History

You hit the cyan very ugly thing.
The cyan very ugly thing is lightly wounded.
Your ice beast hits the cyan very ugly thing.
Your ice beast freezes the cyan very ugly thing!!
The cyan very ugly thing claws you. The cyan very ugly thing shocks you!!
* * * LOW HITPOINT WARNING * * *
Your ice beast completely misses the cyan very ugly thing.
Your ice beast hits the cyan very ugly thing but does no damage.
Your ice beast hits the cyan very ugly thing.
Your ice beast freezes the cyan very ugly thing!
Casting: Summon Ice Beast (mildly dangerous; 1% risk of failure)
Confirm with . or Enter, or press ? or * to list all spells.
Aiming: Bolt of Magma (dangerous; 1% risk of failure)
Press: ? - help, Shift-Dir - straight line, f - cyan very ugly thing
Aim: a cyan very ugly thing (heavily wounded)
The bolt of magma misses the cyan very ugly thing.
The cyan very ugly thing claws you!
* * * LOW HITPOINT WARNING * * *
The cyan very ugly thing shocks you!!
You die...

♣....#.....
♣♣♣♣♣♣♣..#.#...#
♣♣♣...≈.♣........
♣♣♣♣.......≈......#..#.#.
..≈.≈≈.......#...##..#.#.
...≈≈≈.♣...≈.........#...
...≈§....≈≈....# #.....≈
≈.≈≈≈.YY..≈≈...####.....≈
♣.≈≈≈.Yu@.≈≈..♣.......♣.≈
♣.≈≈≈.♣♣♣.≈.♣♣♣.≈≈≈...≈..
..... ♣♣♣♣♣♣..≈..)≈≈.≈.
.♣♣♣ ♣...♣♣.≈.≈...
♣♣≈♣♣♣♣.≈.§..
♣♣♣♣♣♣♣♣♣♣♣. ♣♣♣♣♣♣≈§.♣♣
♣≈. ♣♣.≈......≈♣♣♣♣♣.
♣♣.≈≈≈..≈≈..♣.§♣.≈


You could see a cyan very ugly thing and 3 friendly ice beasts.

Vanquished Creatures
  Jorgrun (D:13)
  A frost giant (IceCv)
  Snorg (Lair:4)
  3 boulder beetles
  2 hydras
  A centaur warrior (D:12)
  A catoblepas (D:12)
  5 death yaks
  Urug (D:13)
  A fire crab (Lair:5)
  An unseen horror (D:11)
  A harpy (Lair:6)
  A phantasmal warrior (D:13)
  3 manticores
  9 elephants
  Maurice (D:8)
  A centaur zombie (D:11)
  4 black mambas
  A gargoyle (D:11)
  6 cane toads
  An efreet (D:12)
  6 komodo dragons
  A rime drake (Lair:6)
  3 trolls
  A tyrant leech (Swamp:1)
  3 hornets
  9 polar bears
  4 blink frogs
  A redback (Lair:3)
  41 yaks
  A spriggan (Lair:3)
  5 wyverns
  7 humans (D:13)
  A steam dragon (D:7)
  2 wraiths (D:13)
  3 basilisks
  3 vampire mosquitoes
  5 insubstantial wisps (Swamp:1)
  2 soldier ants
  A swamp worm (Swamp:1)
  9 water moccasins
  A hornet zombie (D:6)
  7 orc warriors
  2 ice beasts
  3 phantoms
  A black bear (D:10)
  5 ogres
  A sky beast (D:9)
  A necrophage (D:10)
  7 centaurs
  9 wolves (IceCv)
  4 big kobolds
  4 bullfrogs
  A wyvern zombie (D:7)
  2 scorpions
  7 wights
  2 killer bees (D:7)
  A bullfrog zombie (D:12)
  6 hounds
  4 jellies
  9 orc wizards
  6 orc priests
  A bullfrog skeleton (D:9)
  6 iguanas
  Natasha (D:4)
  5 worker ants
  2 hound skeletons (D:4)
  A mummy (Ossuary)
  A howler monkey zombie (D:6)
  A worker ant zombie (D:10)
  13 adders
  10 gnolls
  2 shadow imps (D:9)
  8 white imps
  An ufetubus (D:8)
  2 worms
  3 dart slugs
  2 leopard geckos
  51 orcs
  2 ball pythons
  3 bats (D:3)
  9 giant cockroaches
  5 hobgoblins
  13 jackals
  13 kobolds
  3 quokkas
  5 frilled lizards
  4 goblins
  5 hobgoblin zombies (Ossuary)
  A kobold zombie (Ossuary)
  A quokka skeleton (D:6)
  2 quokka zombies
  8 rats
421 creatures vanquished.

Vanquished Creatures (collateral kills)
  A stone giant (D:12)
  3 hydras
  A merfolk avatar (Lair:6)
  A boulder beetle (D:12)
  A centaur warrior (D:13)
  An alligator (Swamp:1)
  2 two-headed ogres
  5 death yaks
  An oklob plant (Lair:1)
  A lindwurm (Lair:6)
  A manticore (D:12)
  The ghost of marklar909 the Cudgeler, a novice FoAK of Lugonu (D:5)
  2 ugly things
  2 cyclopes
  9 elephants
  A black mamba (Lair:5)
  5 cane toads
  5 rime drakes
  2 komodo dragons
  A redback zombie (D:13)
  A freezing wraith (D:13)
  2 wind drakes (Lair:6)
  7 polar bears
  Grinder (D:5)
  3 slime creatures (Swamp:1)
  A hornet (Lair:6)
  2 blink frogs (Lair:3)
  A dream sheep (shapeshifter) (D:12)
  A bog body (Swamp:1)
  A redback (Lair:3)
  16 yaks
  8 humans (D:13)
  A wraith (D:9)
  3 wyverns (Lair:6)
  A steam dragon (Lair:4)
  A basilisk (Lair:3)
  6 vampire mosquitoes
  4 swamp worms
  An insubstantial wisp (Swamp:1)
  3 water moccasins
  A swamp drake (Swamp:1)
  An orc warrior (D:9)
  An eye of draining (D:12)
  2 phantoms
  4 wolves (IceCv)
  A centaur (D:6)
  3 bullfrogs
  An elf zombie (Ossuary)
  4 wights
  3 electric eels (D:12)
  A bullfrog zombie (D:9)
  2 orc priests
  A centaur zombie (Ossuary)
  A human zombie (Ossuary)
  A bullfrog skeleton (D:6)
  A hound (D:9)
  2 iguanas
  2 orc wizards
  A mummy (Ossuary)
  A worker ant zombie (D:6)
  7 white imps
  5 adder zombies
  The ghost of jasper the Sneak, a weakling DsDe (D:5)
  2 orcs
  A giant cockroach (D:7)
  4 kobolds (D:13)
  10 hobgoblin zombies (Ossuary)
  A jackal zombie (Ossuary)
  6 kobold zombies (Ossuary)
  6 orc zombies (Ossuary)
187 creatures vanquished.

Vanquished Creatures (others)
  A polar bear (IceCv)
  A shadow (D:12)
  A human (D:13)
  A killer bee (D:7)
  A white imp (Lair:6)
  A bush (D:8)
  37 fungi
  65 plants
  6 withered plants (D:5)
114 creatures vanquished.

Grand Total: 722 creatures vanquished

Notes
Turn   | Place    | Note
-------+----------+-------------------------------------------
     0 | D:1      | robertstho the Gnoll Ice Elementalist began the quest for
                  | the Orb.
     0 | D:1      | Reached XP level 1. HP: 13/13 MP: 6/6
   171 | D:1      | Reached XP level 2. HP: 19/19 MP: 4/7
   671 | D:2      | Reached skill level 5 in Spellcasting
   671 | D:2      | Reached XP level 3. HP: 3/25 MP: 4/9
  1289 | D:2      | Reached skill level 1 in Invocations
  1453 | D:2      | Reached skill level 1 in Fighting
  1453 | D:2      | Reached skill level 1 in Short Blades
  1453 | D:2      | Reached skill level 1 in Long Blades
  1453 | D:2      | Reached skill level 1 in Axes
  1453 | D:2      | Reached skill level 1 in Maces & Flails
  1453 | D:2      | Reached skill level 1 in Polearms
  1453 | D:2      | Reached skill level 1 in Staves
  1453 | D:2      | Reached skill level 1 in Slings
  1453 | D:2      | Reached skill level 1 in Bows
  1453 | D:2      | Reached skill level 1 in Crossbows
  1453 | D:2      | Reached skill level 1 in Throwing
  1453 | D:2      | Reached skill level 1 in Armour
  1453 | D:2      | Reached skill level 1 in Shields
  1453 | D:2      | Reached skill level 1 in Unarmed Combat
  1453 | D:2      | Reached skill level 1 in Evocations
  1644 | D:2      | Reached XP level 4. HP: 21/32 MP: 8/11
  1906 | D:2      | Learned a level 3 spell: Frozen Ramparts
  1910 | D:2      | Learned a level 3 spell: Ozocubu's Armour
  1915 | D:2      | Learned a level 4 spell: Hailstorm
  1969 | D:3      | Reached skill level 1 in Conjurations
  1969 | D:3      | Reached skill level 1 in Hexes
  1969 | D:3      | Reached skill level 1 in Summonings
  1969 | D:3      | Reached skill level 1 in Necromancy
  1969 | D:3      | Reached skill level 1 in Translocations
  1969 | D:3      | Reached skill level 1 in Transmutations
  1969 | D:3      | Reached skill level 1 in Fire Magic
  1969 | D:3      | Reached skill level 1 in Air Magic
  1969 | D:3      | Reached skill level 1 in Earth Magic
  1969 | D:3      | Reached skill level 1 in Poison Magic
  2152 | D:3      | Found a snail-covered altar of Cheibriados.
  2223 | D:3      | Reached XP level 5. HP: 28/37 MP: 5/12
  3076 | D:4      | Found a glowing golden altar of the Shining One.
  3077 | D:4      | Found a hide-covered altar of Uskayaw.
  3220 | D:4      | Found a staircase to the Ecumenical Temple.
  3279 | D:4      | Reached XP level 6. HP: 31/44 MP: 13/13
  3293 | Temple   | Entered the Ecumenical Temple
  3639 | Temple   | Became a worshipper of Vehumet
  3944 | D:4      | Noticed Natasha
  3949 | D:4      | Killed Natasha
  4020 | D:4      | Reached skill level 5 in Dodging
  4389 | D:5      | Entered Level 5 of the Dungeon
  4389 | D:5      | Found a runed translucent gate.
  4390 | D:5      | Found a runed translucent gate.
  4391 | D:5      | Found a runed translucent gate.
  4516 | D:5      | Reached XP level 7. HP: 37/50 MP: 11/15
  4626 | D:5      | Noticed Grinder
  4644 | D:5      | Learned a level 4 spell: Summon Ice Beast
  4681 | D:5      | Killed Grinder
  4724 | D:5      | Found a sand-covered staircase.
  4733 | Ossuary  | Entered an ossuary
  4832 | Ossuary  | Reached * piety under Vehumet
  4832 | Ossuary  | Offered knowledge of Shock by Vehumet.
  4924 | Ossuary  | Reached skill level 5 in Stealth
  4975 | Ossuary  | Reached ** piety under Vehumet
  5314 | D:5      | Offered knowledge of Searing Ray by Vehumet.
  5346 | D:5      | Reached XP level 8. HP: 57/57 MP: 11/16
  5350 | D:5      | Learned a level 2 spell: Searing Ray
  5741 | D:5      | Noticed marklar909's ghost (novice FoAK)
  5742 | D:5      | Noticed jasper's ghost (weakling DsDe)
  6245 | D:5      | Found Sutteseb's Distillery.
  6250 | D:5      | Bought a potion of might for 44 gold pieces
  6250 | D:5      | Bought a potion of heal wounds for 55 gold pieces
  6250 | D:5      | Bought a potion of heal wounds for 55 gold pieces
  6250 | D:5      | Bought a potion of invisibility for 88 gold pieces
  6250 | D:5      | Bought a potion of curing for 33 gold pieces
  6250 | D:5      | Bought a potion of degeneration for 11 gold pieces
  6600 | D:6      | Found a shimmering altar of Xom.
  6602 | D:6      | Found a sparkling altar of Nemelex Xobeh.
  6602 | D:6      | Found a shimmering altar of Xom.
  6604 | D:6      | Found an opulent altar of Gozag.
  6604 | D:6      | Found a snail-covered altar of Cheibriados.
  6604 | D:6      | Found a basalt altar of Yredelemnul.
  6721 | D:6      | Found Wanted's Antique Weapon Shop.
  7183 | D:6      | Offered knowledge of Ignite Poison by Vehumet.
  7201 | D:6      | Found an ornate altar of the Wu Jian Council.
  7265 | D:6      | Reached XP level 9. HP: 58/65 MP: 9/18
  7808 | D:7      | Reached *** piety under Vehumet
  8766 | D:8      | Found a shimmering blue altar of Sif Muna.
  8852 | D:8      | Reached skill level 5 in Invocations
  8853 | D:8      | Offered knowledge of Stone Arrow by Vehumet.
  8870 | D:8      | Reached XP level 10. HP: 73/73 MP: 16/20
  8892 | D:8      | Found a staircase to the Lair.
  9067 | D:8      | Noticed Maurice
  9079 | D:8      | Killed Maurice
  9079 | D:8      | Reached skill level 5 in Fighting
  9079 | D:8      | Reached skill level 5 in Short Blades
  9079 | D:8      | Reached skill level 5 in Long Blades
  9079 | D:8      | Reached skill level 5 in Axes
  9079 | D:8      | Reached skill level 5 in Maces & Flails
  9079 | D:8      | Reached skill level 5 in Polearms
  9079 | D:8      | Reached skill level 5 in Staves
  9079 | D:8      | Reached skill level 5 in Slings
  9079 | D:8      | Reached skill level 5 in Bows
  9079 | D:8      | Reached skill level 5 in Crossbows
  9079 | D:8      | Reached skill level 5 in Throwing
  9079 | D:8      | Reached skill level 5 in Armour
  9079 | D:8      | Reached skill level 5 in Shields
  9079 | D:8      | Reached skill level 5 in Unarmed Combat
  9079 | D:8      | Reached skill level 5 in Evocations
  9270 | D:8      | Noticed a two-headed ogre
  9285 | D:8      | Killed a two-headed ogre
  9341 | D:8      | Reached **** piety under Vehumet
  9785 | D:8      | Got an ichor-stained hand axe
  9785 | D:8      | Identified the +7 hand axe of Glamorous Conscience {vorpal,
                  | rPois} (You found it on level 8 of the Dungeon)
  9873 | D:9      | Offered knowledge of Conjure Flame by Vehumet.
 10102 | D:9      | Found a transporter.
 10131 | D:9      | Found a staircase to the Orcish Mines.
 10203 | D:9      | Found an iron altar of Okawaru.
 10538 | D:9      | Noticed a cyclops
 10562 | D:9      | Killed a cyclops
 10562 | D:9      | Reached XP level 11. HP: 81/81 MP: 2/22
 10681 | D:9      | Got a fine fustibalus
 10775 | D:9      | Found a transporter.
 10970 | D:9      | Identified the +1 fustibalus of Spontaneous Combustion
                  | {flame, MR+ Stlth+} (You found it on level 9 of the
                  | Dungeon)
 11630 | D:5      | Killed marklar909's ghost
 11631 | D:5      | Killed jasper's ghost
 11930 | D:10     | Entered Level 10 of the Dungeon
 12075 | D:10     | Reached skill level 5 in Conjurations
 12075 | D:10     | Reached skill level 5 in Hexes
 12075 | D:10     | Reached skill level 5 in Summonings
 12075 | D:10     | Reached skill level 5 in Necromancy
 12075 | D:10     | Reached skill level 5 in Translocations
 12075 | D:10     | Reached skill level 5 in Transmutations
 12075 | D:10     | Reached skill level 5 in Fire Magic
 12075 | D:10     | Reached skill level 5 in Air Magic
 12075 | D:10     | Reached skill level 5 in Earth Magic
 12075 | D:10     | Reached skill level 5 in Poison Magic
 13475 | D:11     | Noticed a manticore
 13484 | D:11     | Killed a manticore
 13547 | D:11     | Noticed a brown ugly thing
 13556 | D:11     | Killed a brown ugly thing
 13763 | D:11     | Found Kamoarod's Antique Weapon Shop.
 13776 | D:11     | Bought a fading great sword for 345 gold pieces
 13776 | D:11     | Identified the +8 great sword of Pestilence {chaos, rPois
                  | Stlth+} (You bought it in a shop on level 11 of the
                  | Dungeon)
 13866 | D:11     | Reached ***** piety under Vehumet
 13871 | D:11     | Offered knowledge of Iron Shot by Vehumet.
 13873 | D:11     | Killed an unseen horror
 14030 | D:11     | Found a stormy altar of Qazlal.
 14427 | D:12     | Found a transporter.
 14427 | D:12     | Noticed a death knight
 14429 | D:12     | Found the +8 lance "Wyrmbane" {slay drac, rPois rF+ rC+
                  | AC+3}
 14645 | D:12     | Noticed a manticore
 14654 | D:12     | Reached XP level 12. HP: 69/89 MP: 11/24
 14984 | D:12     | Noticed a centaur warrior
 14989 | D:12     | Noticed a boulder beetle
 14998 | D:12     | Killed a centaur warrior
 15030 | D:12     | Killed a boulder beetle
 15258 | D:12     | Noticed a stone giant
 15261 | D:12     | Noticed a two-headed ogre
 15264 | D:12     | a two-headed ogre changed into a dream sheep
 15278 | D:12     | Killed a stone giant
 15512 | D:12     | Noticed a boulder beetle
 15530 | D:12     | Killed a boulder beetle
 15621 | D:12     | Noticed a catoblepas
 15644 | D:12     | Killed a catoblepas
 15770 | D:12     | Found a transporter.
 15898 | D:12     | Noticed Ycigyrier's ghost (journeyman HOFi)
 16034 | D:13     | Noticed a six-headed hydra
 16041 | D:13     | Killed a six-headed hydra
 16319 | D:13     | Noticed Jorgrun
 16337 | D:13     | Killed Jorgrun
 16404 | D:13     | Noticed a boulder beetle
 16422 | D:13     | Killed a boulder beetle
 16665 | D:13     | Noticed a centaur warrior
 16667 | D:13     | Noticed a two-headed ogre
 16670 | D:13     | Killed a centaur warrior
 16670 | D:13     | Reached XP level 13. HP: 98/98 MP: 12/26
 16670 | D:13     | Noticed Urug
 16688 | D:13     | Killed Urug
 16823 | D:13     | Found a gate to the Vaults.
 16831 | D:13     | Found a bloodstained altar of Trog.
 17506 | Lair:1   | Entered Level 1 of the Lair of Beasts
 17514 | Lair:1   | Learned a level 6 spell: Iron Shot
 18348 | Lair:2   | You fall into a shaft and drop 2 floors!
 18373 | Lair:4   | Reached skill level 10 in Ice Magic
 18499 | Lair:4   | Offered knowledge of Bolt of Magma by Vehumet.
 18702 | Lair:4   | Noticed Snorg
 18717 | Lair:4   | Killed Snorg
 18717 | Lair:4   | Reached skill level 10 in Spellcasting
 19234 | Lair:4   | Found a staircase to the Swamp.
 19979 | Lair:3   | Found a hole to the Spider Nest.
 20234 | Lair:3   | Reached XP level 14. HP: 104/106 MP: 13/28
 20254 | Lair:3   | Learned a level 5 spell: Bolt of Magma
 20334 | Lair:3   | Reached skill level 10 in Dodging
 21765 | Lair:5   | Found a staircase to the Slime Pits.
 21765 | Lair:5   | Found a viscous altar of Jiyva.
 21938 | Lair:5   | Got a fine pewter ring
 22546 | Lair:6   | Entered Level 6 of the Lair of Beasts
 22611 | Lair:6   | Reached skill level 10 in Stealth
 22645 | Lair:6   | Reached skill level 10 in Invocations
 22684 | Lair:6   | Found a frozen archway.
 22691 | IceCv    | Entered an ice cave
 22693 | IceCv    | Identified the ring of Totzo {+Fly Int+3} (You found it on
                  | level 5 of the Lair of Beasts)
 23279 | IceCv    | Offered knowledge of Lee's Rapid Deconstruction by Vehumet.
 23416 | IceCv    | Noticed a frost giant
 23681 | IceCv    | Killed a frost giant
 25335 | Lair:6   | Reached XP level 15. HP: 70/115 MP: 1/29
 25666 | Lair:4   | Learned a level 5 spell: Lee's Rapid Deconstruction
 25741 | Swamp:1  | Entered Level 1 of the Swamp
 26778 | Swamp:1  | Slain by a cyan very ugly thing

Illustrated notes

Levels and vault maps discovered:
D:1:      doesnt_arrival_eight_statues, layout_rooms
D:2:      layout_loops_ring, minmay_misc_feat_rugged, minmay_tall_x
D:3:      layout_basic, kennysheep_slug_shrine, nrook_mini_vaults
D:4:      layout_basic, nicolae_overflow_hidden_temple,
          minmay_temple_entry_statues_fountains, kennysheep_potato, uniq_natasha
D:5:      layout_loops_ring, lightli_ossuary_entry_decrepit_ruins, serial_shops,
          kennysheep_little_box, gammafunk_ghost_cemetery,
          guppyfry_early_orc_mine, uniq_grinder
D:6:      layout_gridville, lemuel_round_altar, doesnt_xom_only_xom,
          serial_shops, shop
D:7:      layout_loops_ring
D:8:      layout_loops_ring, old_standard_altar, minmay_lair_entry_grove,
          uniq_maurice
D:9:      gammafunk_cloud_chamber, layout_loops_ring, old_standard_altar,
          david_orc_2, minmay_bent
D:10:     layout_loops_corners
D:11:     layout_gridville, serial_shops, nicolae_shop_window_shopping,
          grunt_qazlal_sundering
D:12:     minmay_two_paths, layout_long_grid, gammafunk_ghost_mausoleum,
          serial_bayou, serial_bayou_lagoon_a, serial_bayou_pond_a,
          serial_bayou_shore_b, serial_bayou_pond_b
D:13:     layout_cave_pods, david_vaults_3, basic_altar, uniq_jorgrun
Temple:   oiseaux_autumnal_temple
Lair:1:   layout_concentric_octagons, lemuel_fruit_tree,
          minmay_lair_oklob_chamber
Lair:2:   layout_loops_ring
Lair:3:   layout_cave_shapes, spider_nest_entry_webs,
          grunt_forest_large_clearing_hut
Lair:4:   layout_loops_ring, palyth_hydra_swamp_entry, uniq_snorg
Lair:5:   layout_gridlike, slime_altar_1, chequers_serial_rivers_micro_e
Lair:6:   gammafunk_lair_ancient_temple, layout_hall_layers,
          portal_ice_cave_entry_imps, st_stairs_3, minivault_25
Swamp:1:  layout_basic_swamp, evilmike_swamp_ruin_rubble_1

Skill      XL: |  1  2  3  4  5  6  7  8  9 10 11 12 13 14 |
---------------+-------------------------------------------+-----
Spellcasting   | 5 6 7 8 9 10 | 10.9
Invocations    | 1 2 3 4 5 6 7 8 9 10 | 10.6
Fighting       | 1 2 3 4 5 6 7 8 9 |  9.8
Short Blades   | 1 2 3 4 5 6 7 8 9 |  9.8
Long Blades    | 1 2 3 4 5 6 7 8 9 |  9.8
Axes           | 1 2 3 4 5 6 7 8 9 |  9.8
Maces & Flails | 1 2 3 4 5 6 7 8 9 |  9.8
Polearms       | 1 2 3 4 5 6 7 8 9 |  9.8
Staves         | 1 2 3 4 5 6 7 8 9 |  9.8
Slings         | 1 2 3 4 5 6 7 8 9 |  9.8
Bows           | 1 2 3 4 5 6 7 8 9 |  9.8
Crossbows      | 1 2 3 4 5 6 7 8 9 |  9.8
Throwing       | 1 2 3 4 5 6 7 8 9 |  9.8
Armour         | 1 2 3 4 5 6 7 8 9 |  9.8
Shields        | 1 2 3 4 5 6 7 8 9 |  9.8
Unarmed Combat | 1 2 3 4 5 6 7 8 9 |  9.8
Evocations     | 1 2 3 4 5 6 7 8 9 |  9.8
Conjurations   | 1 2 3 4 5 6 7 8 |  8.2
Hexes          | 1 2 3 4 5 6 7 8 |  8.2
Summonings     | 1 2 3 4 5 6 7 8 |  8.2
Necromancy     | 1 2 3 4 5 6 7 8 |  8.2
Translocations | 1 2 3 4 5 6 7 8 |  8.2
Transmutations | 1 2 3 4 5 6 7 8 |  8.2
Fire Magic     | 1 2 3 4 5 6 7 8 |  8.2
Air Magic      | 1 2 3 4 5 6 7 8 |  8.2
Earth Magic    | 1 2 3 4 5 6 7 8 |  8.2
Poison Magic   | 1 2 3 4 5 6 7 8 |  8.2
Dodging        | 5 6 7 8 9 10 | 10.7
Stealth        | 5 6 7 8 9 10 | 10.6
Ice Magic      | 8 9 10 | 10.8

Action                   |  1- 3 |  4- 6 |  7- 9 | 10-12 | 13-15 || total
-------------------------+-------+-------+-------+-------+-------++-------
Melee: Unarmed           |     6 |       |       |       |       ||     6
       Hand axe          |    33 |    55 |    56 |    39 |       ||   183
       Bite              |       |     5 |     6 |    17 |    22 ||    50
       Punch             |       |       |     1 |     1 |       ||     2
       Spear             |       |       |    24 |     7 |       ||    31
       Great sword       |       |       |       |    38 |   109 ||   147
       Scimitar          |       |       |       |     2 |       ||     2
 Fire: Fustibalus        |       |       |       |   151 |    65 ||   216
 Cast: Freeze            |    37 |     8 |     1 |     2 |     3 ||    51
       Frozen Ramparts   |       |    19 |    33 |    62 |    71 ||   185
       Summon Ice Beast  |       |       |    29 |    93 |   222 ||   344
       Searing Ray       |       |       |    17 |     7 |       ||    24
       Bolt of Magma     |       |       |       |       |    30 ||    30
Evoke: Wand              |       |       |     1 |     1 |     1 ||     3
  Use: Potion            |     1 |       |     1 |       |     5 ||     7
       Scroll            |       |     6 |     6 |     4 |    11 ||    27
 Stab: Sleeping          |     5 |     6 |     3 |     4 |     2 ||    20
       Distracted        |       |       |     1 |     1 |     2 ||     4
       Paralysed         |       |       |       |     4 |       ||     4
       Confused          |       |       |       |     1 |       ||     1
       Invisible         |       |       |       |       |     2 ||     2
Armor: Robe              |     8 |    11 |    20 |     3 |       ||    42
       Troll leather arm |       |       |       |    51 |    55 ||   106
Dodge: Dodged            |    57 |    55 |   100 |   220 |   304 ||   736
       Rpst.: Great sword |       |       |       |    18 |    63 ||    81
       Scimitar          |       |       |       |     2 |       ||     2

Table legend: (Time is in decaauts)
 A = Elapsed time spent in this place.
 B = Non-inter-level travel time spent in this place.
 C = Inter-level travel time spent in this place.
 D = Time resting spent in this place.
 E = Time spent auto-exploring this place.
 F = Levels seen in this place.
 G = Mean time per level.
                   A        B        C        D        E       F      G
               +--------+--------+--------+--------+--------+-----+--------+
         Total |  26969 |  25411 |   1558 |   1546 |  19138 |  23 | 1172.6 |
       Dungeon |  16755 |  15612 |   1143 |    748 |  12066 |  13 | 1288.8 |
        Temple |    395 |    307 |     88 |      0 |    305 |   1 |  395.0 |
          Lair |   6737 |   6411 |    326 |    210 |   5091 |   6 | 1122.8 |
         Swamp |   1066 |   1066 |      0 |    115 |    753 |   1 | 1066.0 |
       Ossuary |    546 |    546 |      0 |      0 |    381 |   1 |  546.0 |
      Ice Cave |   1467 |   1467 |      0 |    473 |    539 |   1 | 1467.0 |
               +--------+--------+--------+--------+--------+-----+--------+

Top non-repeatable levels by time:
    D:12: 1806 daAuts
     D:5: 1616 daAuts
  Lair:4: 1601 daAuts
     D:6: 1529 daAuts
  Lair:6: 1506 daAuts
   IceCv: 1467 daAuts
     D:2: 1395 daAuts
    D:13: 1369 daAuts
     D:8: 1363 daAuts
    D:11: 1345 daAuts
     D:9: 1260 daAuts
     D:4: 1170 daAuts
  Lair:5: 1168 daAuts
     D:3: 1095 daAuts
 Swamp:1: 1066 daAuts
